 Dungeon Crawl Stone Soup version 0.31-a0-180-g519b7de00c (webtiles) character file.

Game seed: 11986464270064399476

48 frimble the Grasshopper (level 3, -1/24 HPs)
             Began as an Octopode Warper on June 20, 2023.
             Frozen to death by an endoplasm (3 damage)
             ... on level 2 of the Dungeon.
             The game lasted 00:00:55 (1103 turns).

frimble the Grasshopper (Octopode Warper)           Turns: 1103, Time: 00:00:55

Health: -1/24      AC:  1    Str: 12    XL:     3   Next: 72%
Magic:  6/6        EV: 13    Int: 15    God:
Gold:   64         SH:  0    Dex: 11    Spells: 6/6 levels left

rFire   . . .        k - +1 dagger (vamp)
rCold   . . .        (no shield)
rNeg    . . .        (helmet restricted)
rPois   .            (no amulet)
rElec   .            (no ring)
rCorr   .            (no ring)
SInv    .            (no ring)
Will    .....        (no ring)
Stlth   +++          (no ring)
HPRegen 0.24/turn    (no ring)
MPRegen 0.10/turn    (no ring)
                     (no ring)

%: no passive effects
@: brilliant, lethally poisoned (-1 -> -7)
A: almost no armour, amphibious, 8 rings, camouflage 1, gelatinous body 1,
(nimble swimmer 1), tentacles
a: no special abilities


You were on level 2 of the Dungeon.
You visited 1 branch of the dungeon, and saw 2 of its levels.

You collected 64 gold pieces.

Inventory:

Hand Weapons
 k - a +1 vampiric dagger (weapon)
Missiles
 b - 7 boomerangs of dispersal (quivered)
Wands
 l - a wand of digging (3)
 n - a wand of paralysis (5)
Scrolls
 a - a scroll of blinking
 f - 3 scrolls of fear {unknown}
 g - a scroll of vulnerability {unknown}
 i - a scroll of amnesia {unknown}
 j - 2 scrolls of teleportation {unknown}
 o - a scroll of identify {unknown}
Potions
 c - a potion of degeneration {unknown}
 d - a potion of brilliance
 e - a potion of ambrosia {unknown}
 h - a potion of haste {unknown}
 m - a potion of heal wounds {unknown}


   Skills:
 - Level 2.0 Fighting
 + Level 1.7 Short Blades
 - Level 1.0 Throwing
 - Level 2.3 Dodging
 + Level 1.8 Stealth
 - Level 3.0 Unarmed Combat
 - Level 2.0 Spellcasting
 - Level 3.0 Translocations


You had 6 spell levels left.
You didn't know any spells.
Your spell library contained the following spells:

 Spells                   Type           Power      Damage    Failure   Level
 Blink                    Tloc           30%        N/A       10%         2
 Lesser Beckoning         Tloc           30%        N/A       10%         2
 Teleport Other           Tloc           15%        N/A       19%         3
 Cigotuvi's Dreadful Rot  Necr/Pois/Air  4%         N/A       32%         2
 Vhi's Electric Charge    Tloc/Air       18%        N/A       34%         3
 Manifold Assault         Tloc           15%        N/A       54%         4
 Dispel Undead            Necr           2%         3d7       91%         4
 Death Channel            Necr           1%         N/A       100%        6


Dungeon Overview and Level Annotations

Branches:
Dungeon (2/15)

Altars:


Innate Abilities, Weirdness & Mutations

You cannot wear most types of armour.
You are amphibious.
You can wear up to eight rings at the same time.
Your skin changes colour to match your surroundings (Stealth+).
Your rubbery body absorbs attacks. (AC +1, EV +1)
((You are camouflaged when in or above water. (Stealth+)))
You have tentacles for arms and can constrict up to eight enemies at once.


Message History

You constrict the adder.
You feel sick.
The hobgoblin shouts!
The adder bites you.
You are more poisoned.
The adder poisons you! The adder bites you.
You are lethally poisoned!
The adder poisons you!
You are too injured to fight recklessly!
You are too injured to fight recklessly!
You are too injured to fight recklessly!
You are too injured to fight recklessly!
You are too injured to fight recklessly!
You are too injured to fight recklessly!
You are too injured to fight recklessly!
You hit the adder.
You kill the adder!
You feel very sick.
An adder comes into view.
You feel very sick. The endoplasm barely misses you.
A ball python comes into view.
You see here an adder corpse.
The ball python hisses angrily.
The adder hisses angrily.
You hit the endoplasm.
You feel better.
You squeeze the endoplasm, but do no damage.
The endoplasm is heavily wounded.
* * * LOW HITPOINT WARNING * * *
You feel very sick. The endoplasm freezes you.
You are frozen.
* * * LOW HITPOINT WARNING * * *
You don't know any spells.
Sorry, you're not good enough to have a special ability.
It was a potion of brilliance.
You feel clever all of a sudden.
* * * LOW HITPOINT WARNING * * *
You feel sick. The endoplasm freezes you.
You are frozen.
You die...

#####...### #..# ###
##.## #..#.## ..####.#
#..#... ##..##.# #..#..
.##..#.######..#.)
..##........# #g####
...##..#.##.####....####
#...##...##...##.......#
''.8.''..##.#...@J......
#...##..###.####........
...##..####.# #.###.###
..##........####.# S.
.##............#.# .
##..#.##########.#
...##.# #.. #####.# #..
#.##########


You could see an adder, an endoplasm and a hobgoblin.

Vanquished Creatures
  An adder (D:2)
  2 worms (D:2)
  A dart slug (D:1)
  An orc (D:2)
  2 ball pythons (D:1)
  3 endoplasms
  2 giant cockroaches
  7 goblins
  A hobgoblin (D:2)
  A quokka (D:2)
  A bat (D:1)
  2 kobolds
  5 rats
29 creatures vanquished.

Notes
Turn   | Place    | Note
-------+----------+-------------------------------------------
     0 | D:1      | frimble the Octopode Warper began the quest for the Orb.
     0 | D:1      | Reached XP level 1. HP: 14/14 MP: 3/3
   163 | D:1      | Reached XP level 2. HP: 19/19 MP: 5/5
   687 | D:2      | Reached skill level 1 in Short Blades
   710 | D:2      | Reached XP level 3. HP: 24/24 MP: 6/6
   869 | D:2      | Reached skill level 1 in Stealth
  1103 | D:2      | Frozen to death by an endoplasm

Illustrated notes

Levels and vault maps discovered:
D:1:      dpeg_arrival_radiant, layout_loops_cross
D:2:      minmay_recursive_quarters, layout_loops_ring, grunt_decor_arrowhead

Skill      XL: |  1  2  3 |
---------------+----------+-----
Unarmed Combat | 3 |  3.0
Short Blades   | 1 |  1.7
Stealth        | 1 |  1.8
Fighting       | |  2.0
Throwing       | |  1.0
Dodging        | |  2.3
Spellcasting   | |  2.0
Translocations | |  3.0

Action                     || total
---------------------------++-------
  Melee: Unarmed           ||    22
         Constrict         ||    14
         Tentacles         ||    14
         Dagger            ||    45
         Punch             ||     2
    Use: Potion            ||     1
   Stab: Sleeping          ||     8
 Armour: Skin              ||     4
  Dodge: Dodged            ||    25

Table legend: (Time is in decaauts)
 A = Elapsed time spent in this place.
 B = Non-inter-level travel time spent in this place.
 C = Inter-level travel time spent in this place.
 D = Time resting spent in this place.
 E = Time spent auto-exploring this place.
 F = Levels seen in this place.
 G = Mean time per level.
                   A        B        C        D        E       F      G
               +--------+--------+--------+--------+--------+-----+--------+
         Total |   1099 |   1080 |     19 |      0 |    880 |   2 |  549.5 |
       Dungeon |   1099 |   1080 |     19 |      0 |    880 |   2 |  549.5 |
               +--------+--------+--------+--------+--------+-----+--------+

Top non-repeatable levels by time:
     D:1: 625 daAuts
     D:2: 473 daAuts
